[Event "Titled Tuesday Blitz May 31 Late 2022"]
[White "Fedoseev, Vladimir"]
[Black "Luo, Terry"]
[WhiteFideId "24130737"]
[BlackFideId "30931045"]
[WhiteElo "2726"]
[BlackElo "2024"]
[Result "1/2-1/2"]
[Round "04"]
[TimeControl "180+1"]
[Date "2022.05.31"]
[WhiteClock "0:00:28"]
[BlackClock "0:00:17"]

1. d4 Nf6 2. Nf3 g6 3. e3 Bg7 4. Be2 O-O 5. O-O b6 6. c4 Bb7 7. Nc3 d6 8. Qc2 Nbd7 9. Rd1 Re8 10. e4 e5 11. d5 Nh5 12. g3 Rf8 13. Nh4 Bf6 14. Ng2 Ng7 15. h4 Be7 16. Bh6 a5 17. Ne3 Nc5 18. b3 f5 19. Bxg7 Kxg7 20. exf5 Bc8 21. fxg6 hxg6 22. Ne4 Bf5 23. Bd3 Nxd3 24. Qxd3 Bxh4 25. gxh4 Qxh4 26. Nxf5+ gxf5 27. Qg3+ Qxg3+ 28. Nxg3 Kf6 29. Kf1 a4 30. Ke2 e4 31. b4 a3 32. Rh1 Ra4 33. Rab1 Ke5 34. Kd2 Kd4 35. Rhc1 Rh8 36. Ne2+ Ke5 37. Nc3 Raa8 38. Rh1 Kd4 39. Nb5+ Kxc4 40. Nxc7 Rac8 41. b5 Kd4 42. Rxh8 Rxh8 43. Rb3 Rh2 44. Ke1 Rh1+ 45. Ke2 Rc1 46. Ne6+ Kxd5 47. Nf4+ Ke5 48. Ke3 Re1+ 49. Ne2 f4+ 50. Kd2 Rf1 51. Rh3 Rxf2 52. Rh5+ Kf6 53. Ke1 e3 54. Nc3 Rc2 55. Nd5+ Kg7 56. Rg5+ Kh6 57. Rg4 Rxa2 58. Rxf4 Rb2 59. Nc3 a2 60. Nxa2 Rxa2 61. Rf6+ Kg5 62. Rxd6 Rb2 63. Rxb6 Kf4 64. Rf6+ Ke4 65. b6 Kd3 66. Rd6+ Ke4 67. Rh6 Kd3 68. Rd6+ Ke4 69. Rh6 Kd3 70. Rd6+ 1/2-1/2


[Site "https://www.chess.com"]

[Event "Titled Tuesday Blitz May 31 Late 2022"]
[White "Fiedorek, Michal"]
[Black "Rosen, Eric"]
[WhiteFideId "1199528"]
[BlackFideId "2032562"]
[WhiteElo "1833"]
[BlackElo "2362"]
[Result "0-1"]
[Round "04"]
[TimeControl "180+1"]
[Date "2022.06.01"]
[WhiteClock "0:00:09"]
[BlackClock "0:00:36"]

1. d4 d5 2. Nf3 Nf6 3. Bf4 c5 4. e3 Nc6 5. c3 Qb6 6. Qc2 Nh5 7. Qc1 cxd4 8. cxd4 Nxf4 9. exf4 Bg4 10. Be2 Bxf3 11. Bxf3 Qxd4 12. O-O e6 13. f5 Bc5 14. Nd2 Bb6 15. Nb3 Qh4 16. fxe6 fxe6 17. Qe1 Qe7 18. Bg4 e5 19. Rd1 Rd8 20. Qc3 O-O 21. Qh3 Rf6 22. Rd2 e4 23. Rfd1 e3 24. Rxd5 exf2+ 25. Kf1 Rxd5 0-1


[Site "https://www.chess.com"]

[Event "Titled Tuesday Blitz May 31 Late 2022"]
[White "Golubev, Mikhail"]
[Black "Araujo Filho, Luiz Antonio Coel"]
[WhiteFideId "14100983"]
[BlackFideId "2130661"]
[WhiteElo "2374"]
[BlackElo "2247"]
[Result "1-0"]
[Round "04"]
[TimeControl "180+1"]
[Date "2022.06.01"]
[WhiteClock "0:00:05"]
[BlackClock "0:00:02"]

1. e4 c6 2. Nf3 d5 3. Nc3 dxe4 4. Nxe4 Nf6 5. Qe2 e6 6. Nxf6+ Qxf6 7. d4 h6 8. g3 Bd6 9. Bg2 O-O 10. O-O Nd7 11. Re1 c5 12. Be3 Rb8 13. Rad1 b6 14. Nd2 Be7 15. Bf4 e5 16. dxe5 Qe6 17. Qh5 Bb7 18. Bh3 Qc6 19. Ne4 Rbd8 20. Bg2 Ba8 21. Qh3 Qc8 22. Nd6 Bxd6 23. Rxd6 Bxg2 24. Qxg2 Rfe8 25. Red1 Nf8 26. Qd5 Rxd6 27. exd6 Nd7 28. c4 Re6 29. h4 Qe8 30. Kg2 a5 31. h5 Re1 32. Rxe1 Qxe1 33. Qc6 Qe6 34. Qf3 Kf8 35. Qe3 Qf6 36. Qe4 Kg8 37. Qa8+ Kh7 38. Qe8 Qe6 39. Qxe6 fxe6 40. Kf3 Kg8 41. Ke4 Kf7 42. Be5 Kf8 43. f4 Kf7 44. g4 g6 45. hxg6+ Kxg6 46. f5+ exf5+ 47. gxf5+ Kg5 48. Bf4+ Kh5 49. Kd5 Kg4 50. Ke6 1-0


[Site "https://www.chess.com"]

[Event "Titled Tuesday Blitz May 31 Late 2022"]
[White "Grischuk, Alexander"]
[Black "Drygalov, Andrey"]
[WhiteFideId "4126025"]
[BlackFideId "24171735"]
[WhiteElo "2762"]
[BlackElo "2540"]
[Result "0-1"]
[Round "04"]
[TimeControl "180+1"]
[Date "2022.05.31"]
[WhiteClock "0:00:02"]
[BlackClock "0:00:04"]

1. d4 Nf6 2. c4 e6 3. Nc3 Bb4 4. e3 O-O 5. Bd3 d5 6. a3 Bxc3+ 7. bxc3 dxc4 8. Bxc4 c5 9. Ne2 Qc7 10. Bd3 Nc6 11. f4 b6 12. O-O Rd8 13. Bb2 Nd5 14. Rf3 cxd4 15. cxd4 f5 16. Rc1 Bb7 17. e4 fxe4 18. Bxe4 Qd6 19. f5 exf5 20. Rxf5 Nce7 21. Rg5 h6 22. Rg3 Rac8 23. Rxc8 Rxc8 24. Qd2 Kh8 25. h3 Bc6 26. Bb1 Bb5 27. Rf3 Qe6 28. Ng3 Re8 29. Qc2 g6 30. Qd2 Kg7 31. Ba2 Bc6 32. Bc1 Rh8 33. Rf2 Qd7 34. Ne4 Nf5 35. Bb2 Re8 36. Nc3 Nfe3 37. Bc1 Nf5 38. Bb1 Nxc3 39. Bxf5 gxf5 40. Qxh6+ Kg8 41. Qg6+ Qg7 42. Qxc6 Ne2+ 43. Kh1 Ng3+ 44. Kh2 Re1 45. Qc8+ Kh7 0-1


[Site "https://www.chess.com"]

[Event "Titled Tuesday Blitz May 31 Late 2022"]
[White "Hansen, Eric"]
[Black "Nakamura, Hikaru"]
[WhiteFideId "2606771"]
[BlackFideId "2016192"]
[WhiteElo "2568"]
[BlackElo "2850"]
[Result "0-1"]
[Round "04"]
[TimeControl "180+1"]
[Date "2022.05.31"]
[WhiteClock "0:00:03"]
[BlackClock "0:00:26"]

1. d4 Nf6 2. c4 e6 3. Nc3 Bb4 4. e3 O-O 5. Bd3 c5 6. Nf3 d5 7. O-O cxd4 8. exd4 dxc4 9. Bxc4 b6 10. Re1 Bb7 11. Bg5 Nc6 12. Qd3 Be7 13. Rad1 h6 14. Bh4 Nh5 15. d5 Bxh4 16. dxc6 Bxc6 17. Ne5 Qxd3 18. Rxd3 Rac8 19. Rh3 Nf4 20. Rxh4 Nxg2 21. Rhe4 Nxe1 22. Rxe1 Bb7 23. Bb3 Rc5 24. f4 Rd8 25. f5 Bc8 26. Re2 Rd4 27. fxe6 Bxe6 28. Bxe6 fxe6 29. Kf2 Rd8 30. a3 b5 31. Nf3 a5 32. Re4 Rb8 33. Nd4 b4 34. axb4 Rxb4 35. Nde2 Rxb2 36. Ke3 Rc6 37. Kd3 Rd6+ 38. Ke3 Rb4 39. Re5 Rh4 40. Rxa5 Rxh2 41. Nf4 Rb2 42. Ra8+ Kh7 43. Nfe2 Rb4 44. Ra5 Kg6 45. Kf3 Rd3+ 46. Kf2 Kf6 47. Ra6 Rc4 48. Nb5 Rc2 49. Ra4 g5 50. Kf1 h5 51. Nbd4 Rb2 0-1


[Site "https://www.chess.com"]

[Event "Titled Tuesday Blitz May 31 Late 2022"]
[White "Hardaway, Brewington"]
[Black "Jones, Gawain C B"]
[WhiteFideId "30941849"]
[BlackFideId "409561"]
[WhiteElo "1768"]
[BlackElo "2657"]
[Result "1/2-1/2"]
[Round "04"]
[TimeControl "180+1"]
[Date "2022.05.31"]
[WhiteClock "0:00:27"]
[BlackClock "0:00:26"]

1. e4 e5 2. Nf3 Nc6 3. Nc3 Nf6 4. Bb5 Bc5 5. O-O O-O 6. d3 Nd4 7. Nxd4 exd4 8. Ne2 c6 9. Ba4 d5 10. exd5 Nxd5 11. Nf4 a5 12. Nxd5 Qxd5 13. Bb3 Qf5 14. a4 Be6 15. Bxe6 Qxe6 16. Re1 Qf5 17. Bd2 Bd6 18. Qe2 h5 19. Qe4 Qc5 20. c3 dxc3 21. Bxc3 Rae8 22. Qf3 Bc7 23. g3 Re6 24. d4 Qg5 25. h4 Qg6 26. d5 cxd5 27. Qxd5 Rfe8 28. Kg2 b6 29. Qf3 Bd6 30. Rad1 Bc5 31. Rxe6 Rxe6 32. Rd8+ Kh7 33. Rd5 Qe4 34. Rxh5+ Kg8 35. Rg5 Qxf3+ 36. Kxf3 f6 37. Rd5 Kh7 38. h5 Kh6 39. g4 g6 40. hxg6 Kxg6 41. Bxa5 Bxf2 42. Kxf2 bxa5 43. Rxa5 Re4 44. Rb5 Rxa4 45. b4 Ra3 1/2-1/2


[Site "https://www.chess.com"]

[Event "Titled Tuesday Blitz May 31 Late 2022"]
[White "Hosseinzadeh, Nima"]
[Black "Quinones Garcia, Santiago"]
[WhiteFideId "12505323"]
[BlackFideId "4408497"]
[WhiteElo "2066"]
[BlackElo "2216"]
[Result "0-1"]
[Round "04"]
[TimeControl "180+1"]
[Date "2022.06.01"]
[WhiteClock "0:00:10"]
[BlackClock "0:00:12"]

1. e4 c5 2. Nf3 g6 3. d4 cxd4 4. Nxd4 Nc6 5. c4 Nf6 6. Nc3 Nxd4 7. Qxd4 d6 8. Be3 Bg7 9. f3 O-O 10. Qd2 a5 11. b3 a4 12. b4 Be6 13. Rc1 Nd7 14. Nb5 f5 15. Nd4 Bxd4 16. Qxd4 f4 17. Bd2 Ne5 18. Be2 Rc8 19. O-O b6 20. Rfd1 Qc7 21. c5 bxc5 22. bxc5 dxc5 23. Qxa4 Ra8 24. Qb5 Rxa2 25. Rxc5 Qa7 26. Kh1 Rb8 27. Rxe5 Rxb5 28. Rxe6 Rxd2 29. Rxd2 Rb1+ 30. Rd1 Rxd1+ 31. Bxd1 Qd4 32. h3 Qxd1+ 33. Kh2 Kf7 34. Rb6 Qd2 35. Rb5 Qd3 36. Rd5 Qe2 37. Rc5 Kf6 38. Rd5 e6 39. Ra5 h6 40. Rc5 g5 41. Ra5 h5 42. Rc5 g4 43. hxg4 hxg4 44. e5+ Kf5 45. fxg4+ Qxg4 46. Rc3 Kxe5 47. Kg1 Qd1+ 48. Kh2 Qd2 49. Ra3 Kf5 50. Rf3 e5 51. Rh3 e4 52. Rh5+ Kg4 53. Rh3 f3 54. Rg3+ Kf4 55. Kh3 fxg2 56. Rxg2 Qxg2+ 57. Kxg2 Ke3 58. Kf1 Kd2 59. Kf2 e3+ 60. Kf3 e2 0-1


[Site "https://www.chess.com"]

[Event "Titled Tuesday Blitz May 31 Late 2022"]
[White "Ibarra Jerez, Jose Carlos"]
[Black "Prado Lobo, Jonas"]
[WhiteFideId "2226332"]
[BlackFideId "32050666"]
[WhiteElo "2626"]
[BlackElo "2214"]
[Result "0-1"]
[Round "04"]
[TimeControl "180+1"]
[Date "2022.05.31"]
[WhiteClock "0:00:01"]
[BlackClock "0:00:06"]

1. e4 e5 2. Nf3 Nf6 3. Nxe5 d5 4. exd5 Qxd5 5. d4 Nc6 6. Nf3 Bg4 7. Be2 Bd6 8. O-O Qh5 9. h3 Bxh3 10. Ne5 Qh4 11. f4 Qg3 12. Rf2 Ne4 13. Qf1 Nxf2 14. Qxf2 Qxf2+ 15. Kxf2 Bf5 16. c3 O-O 17. Nd2 Rfe8 18. g4 Be6 19. Bb5 a6 20. Ba4 b5 21. Bd1 Bd5 22. Bf3 Bxf3 23. Ndxf3 Nxe5 24. fxe5 Bf8 25. Bf4 c5 26. d5 Rad8 27. Rd1 h6 28. b3 c4 29. bxc4 bxc4 30. Kg3 g5 31. Bc1 Bg7 32. d6 Bxe5+ 33. Nxe5 Rxe5 34. Kf3 Rd7 35. Ba3 Ra5 36. Bb4 Rxa2 37. Rd4 a5 38. Bc5 Ra4 39. Re4 Kg7 40. Re8 Ra2 41. Bd4+ f6 42. Bc5 Kf7 43. Rc8 Rc2 44. Bd4 Rxd6 45. Ke4 Re2+ 46. Kf3 Ree6 47. Rxc4 Rc6 48. Ra4 Ra6 49. c4 Rec6 50. Ke4 Ke6 51. c5 Ra8 52. Kd3 Kd5 53. Be3 Rxc5 54. Bxc5 Kxc5 55. Ke4 Kb5 56. Ra1 a4 57. Rb1+ Kc4 58. Rc1+ Kb3 59. Rc8 Rxc8 0-1


[Site "https://www.chess.com"]

[Event "Titled Tuesday Blitz May 31 Late 2022"]
[White "Indjic, Aleksandar"]
[Black "Andreikin, Dmitry"]
[WhiteFideId "911925"]
[BlackFideId "4158814"]
[WhiteElo "2616"]
[BlackElo "2736"]
[Result "0-1"]
[Round "04"]
[TimeControl "180+1"]
[Date "2022.05.31"]
[WhiteClock "0:00:07"]
[BlackClock "0:01:04"]

1. d4 Nf6 2. Nf3 d5 3. Bf4 c5 4. e3 Nc6 5. Nbd2 Bg4 6. c3 e6 7. Qb3 Qc8 8. h3 Bh5 9. Nh4 Be7 10. g4 Bg6 11. Nxg6 hxg6 12. Bg2 a6 13. a4 Qd7 14. Bg3 cxd4 15. exd4 Bd6 16. Bxd6 Qxd6 17. O-O-O b5 18. axb5 axb5 19. Qxb5 O-O 20. Qc5 Qc7 21. Nc4 Rfb8 22. Ne5 Qb7 23. b4 Rc8 24. Nd3 Nd7 25. Qd6 Nxd4 26. Kd2 Nb5 27. Qf4 Ra2+ 28. Ke3 Nxc3 29. Rc1 Qb6+ 30. Kf3 e5 31. Qe3 d4 0-1


[Site "https://www.chess.com"]

[Event "Titled Tuesday Blitz May 31 Late 2022"]
[White "Ivic, Velimir"]
[Black "Jobava, Baadur"]
[WhiteFideId "950122"]
[BlackFideId "13601520"]
[WhiteElo "2610"]
[BlackElo "2617"]
[Result "1-0"]
[Round "04"]
[TimeControl "180+1"]
[Date "2022.05.31"]
[WhiteClock "0:00:15"]
[BlackClock "0:00:02"]

1. c4 c6 2. d4 d5 3. Nc3 Nf6 4. Nf3 dxc4 5. a4 Bf5 6. Ne5 Nbd7 7. Nxc4 Qc7 8. g3 Rd8 9. Bf4 Qc8 10. Bg2 Be6 11. Ne5 Nxe5 12. Bxe5 g6 13. O-O Bg7 14. Rc1 O-O 15. e3 a5 16. Qe2 Bg4 17. Qc4 Be6 18. Qd3 Bh3 19. Rfd1 Bxg2 20. Kxg2 Nd7 21. Bxg7 Kxg7 22. Qc4 Nf6 23. e4 h5 24. h4 Qg4 25. f3 Qd7 26. Qc5 Ra8 27. Ne2 Rfd8 28. Nf4 Qe8 29. b4 axb4 30. Qxb4 Ra7 31. Ra1 Rda8 32. d5 cxd5 33. e5 Nd7 34. e6 Nf6 35. exf7 Qxf7 36. Re1 Re8 37. Ne6+ Kg8 38. Ng5 Qg7 39. Qd4 Ra6 40. Rab1 Rc6 41. Rxb7 Rc2+ 42. Kh1 Kh8 43. a5 e5 44. Qb6 Re7 45. Qd8+ Ng8 46. Rb8 e4 47. Qxd5 exf3 48. Rf1 Rd7 49. Qxf3 1-0


[Site "https://www.chess.com"]

[Event "Titled Tuesday Blitz May 31 Late 2022"]
[White "Jarocka, Liwia"]
[Black "Poormosavi, Seyed Kian"]
[WhiteFideId "21807558"]
[BlackFideId "12585807"]
[WhiteElo "1887"]
[BlackElo "2222"]
[Result "1/2-1/2"]
[Round "04"]
[TimeControl "180+1"]
[Date "2022.06.01"]
[WhiteClock "0:00:33"]
[BlackClock "0:00:15"]

1. e4 c5 2. Nf3 Nf6 3. d3 Nc6 4. Nbd2 g6 5. g3 Bg7 6. Bg2 O-O 7. O-O d5 8. Re1 e5 9. c3 Be6 10. h4 d4 11. Nc4 Ne8 12. Ng5 Bc8 13. cxd4 Nxd4 14. Be3 b5 15. Na3 h6 16. Bxd4 cxd4 17. Nf3 a6 18. Rc1 Be6 19. b3 Nd6 20. Nc2 Qa5 21. Ra1 Rac8 22. Re2 Rc3 23. Nfe1 Rfc8 24. Qc1 b4 25. Qb2 Nb5 26. f4 h5 27. Rf2 Na3 28. Nxa3 bxa3 29. Qd2 Bh6 30. Kh2 Qb5 31. Rd1 a5 32. Nf3 Bg4 33. Nxe5 Qxe5 34. fxe5 Bxd2 35. Rdxd2 Rc1 36. Bh3 Bxh3 37. Kxh3 R8c5 38. e6 fxe6 39. Rf6 Kg7 40. Rxe6 R5c2 41. Rxc2 Rxc2 42. Re7+ Kh6 43. Rd7 a4 44. Rxd4 axb3 45. axb3 Rc3 46. Ra4 Rxb3 47. d4 Rd3 48. d5 Kg7 49. e5 Rxd5 50. Rxa3 Rxe5 51. Ra7+ Kh6 52. Ra6 Re3 53. Rb6 Rc3 54. Ra6 Kg7 55. Ra7+ Kf6 56. Ra6+ Kf5 57. Ra5+ Ke4 58. Rg5 Rc6 59. Ra5 Rf6 60. Rg5 Kf3 61. Ra5 Re6 62. Ra3+ Re3 63. Rxe3+ Kxe3 64. g4 Kf3 65. gxh5 gxh5 66. Kh2 Kg4 67. Kg2 Kxh4 68. Kh2 Kg4 69. Kh1 h4 70. Kg1 h3 71. Kh1 Kg3 72. Kg1 h2+ 73. Kh1 Kh3 1/2-1/2


[Site "https://www.chess.com"]

[Event "Titled Tuesday Blitz May 31 Late 2022"]
[White "Jeet, Jain"]
[Black "Rustemov, Alexander"]
[WhiteFideId "5073022"]
[BlackFideId "4119002"]
[WhiteElo "2028"]
[BlackElo "2806"]
[Result "1-0"]
[Round "04"]
[TimeControl "180+1"]
[Date "2022.05.31"]
[WhiteClock "0:00:15"]
[BlackClock "0:00:07"]

1. Nf3 d5 2. e3 c6 3. b3 Nf6 4. Bb2 Bf5 5. c4 e6 6. d4 Bd6 7. Bd3 Bxd3 8. Qxd3 Ne4 9. Nc3 f5 10. O-O Nd7 11. Nd2 O-O 12. f3 Qh4 13. f4 Kh8 14. Ndxe4 fxe4 15. Qe2 Nf6 16. g3 Qh3 17. Qg2 Qf5 18. h3 h5 19. a4 g5 20. Ba3 Bxa3 21. Rxa3 gxf4 22. Rxf4 Qg5 23. Ra2 Rg8 24. Kh2 Rg6 25. Raf2 Rag8 26. Ne2 Qh6 27. Qf1 Nh7 28. h4 R6g7 29. Rg2 Qg6 30. c5 Qe8 31. Ng1 Qe7 32. Nh3 Rf8 33. Rxf8+ Qxf8 34. Qxf8+ Nxf8 35. Rf2 Kg8 36. Rf6 Rg6 37. Rxg6+ Nxg6 38. Nf4 Nxf4 39. gxf4 a5 40. Kg3 Kf7 41. Kg2 Ke7 42. Kf2 Kd7 43. Kg3 Kc7 44. f5 exf5 45. Kf4 b6 46. cxb6+ Kxb6 47. Kxf5 c5 48. dxc5+ Kxc5 49. Ke5 Kb4 50. Kxd5 Kxb3 51. Kxe4 Kxa4 52. Kf5 Kb4 53. e4 a4 54. e5 a3 55. e6 a2 56. e7 a1=Q 57. e8=Q Qd1 58. Qe4+ Ka5 59. Kg5 Kb6 60. Qe6+ Ka7 61. Qf7+ Ka6 62. Qxh5 Qd5+ 63. Kh6 Qd2+ 64. Qg5 Qe2 65. h5 Kb6 66. Kg6 Qe4+ 67. Qf5 Qg2+ 68. Kh7 Qg3 69. h6 Ka6 70. Qg6+ 1-0


[Site "https://www.chess.com"]

[Event "Titled Tuesday Blitz May 31 Late 2022"]
[White "Kamsky, Gata"]
[Black "Jia, Haoxiang"]
[WhiteFideId "2000024"]
[BlackFideId "8602999"]
[WhiteElo "2645"]
[BlackElo "2628"]
[Result "1-0"]
[Round "04"]
[TimeControl "180+1"]
[Date "2022.05.31"]
[WhiteClock "0:01:15"]
[BlackClock "0:00:25"]

1. d4 d5 2. Bf4 Nf6 3. e3 g6 4. Nf3 Bg7 5. c3 c5 6. dxc5 O-O 7. Nbd2 a5 8. a4 Nc6 9. Bb5 Nd7 10. Nb3 e5 11. Bg5 f6 12. Qxd5+ Kh8 13. Bh4 Ne7 14. Qc4 Nf5 15. Rd1 Qc7 16. O-O Nxh4 17. Nxh4 f5 18. Nf3 Nf6 19. Rd6 Ne4 20. Rb6 g5 21. Nfd2 Nf6 22. Rd6 e4 23. Nd4 Ng4 24. h3 1-0


[Site "https://www.chess.com"]

[Event "Titled Tuesday Blitz May 31 Late 2022"]
[White "Karas, Marek"]
[Black "Hernandez Gonzalez, William"]
[WhiteFideId "14928558"]
[BlackFideId "3509915"]
[WhiteElo "2271"]
[BlackElo "2279"]
[Result "0-1"]
[Round "04"]
[TimeControl "180+1"]
[Date "2022.06.01"]
[WhiteClock "0:00:03"]
[BlackClock "0:00:17"]

1. d4 Nf6 2. Nf3 e6 3. c4 Bb4+ 4. Nc3 c5 5. e3 Bxc3+ 6. bxc3 Nc6 7. Bd3 d6 8. O-O b6 9. e4 e5 10. d5 Na5 11. Bg5 h6 12. Bh4 g5 13. Bg3 Qe7 14. h4 Nh5 15. Re1 Nf4 16. Bxf4 gxf4 17. g3 Rg8 18. Kh2 Qf6 19. Rf1 Bg4 20. Be2 O-O-O 21. Nd2 h5 22. Bxg4+ Rxg4 23. Qf3 Rdg8 24. Rg1 Kc7 25. Rg2 Nxc4 26. Nxc4 fxg3+ 27. Rxg3 Rf4 28. Qg2 Rxg3 29. Qxg3 Rxh4+ 30. Kg2 Rg4 31. Ne3 Rxg3+ 32. fxg3 Qg6 33. Nf5 Qg4 34. Re1 Qg5 35. Re3 h4 36. Kf2 hxg3+ 37. Nxg3 b5 38. Ke2 a5 39. Rf3 Qc1 40. Rxf7+ Kb6 41. Rf2 Qxc3 42. Rf3 Qc2+ 43. Ke3 c4 44. Nf5 c3 0-1


[Site "https://www.chess.com"]

[Event "Titled Tuesday Blitz May 31 Late 2022"]
[White "Karttunen, Mika"]
[Black "Lashkin, Jegor"]
[WhiteFideId "502081"]
[BlackFideId "13907808"]
[WhiteElo "2343"]
[BlackElo "2368"]
[Result "1-0"]
[Round "04"]
[TimeControl "180+1"]
[Date "2022.05.31"]
[WhiteClock "0:00:21"]
[BlackClock "0:00:02"]

1. d4 Nf6 2. c4 e6 3. Nc3 Bb4 4. e3 O-O 5. Bd3 d5 6. Nf3 b6 7. cxd5 exd5 8. Bd2 Ba6 9. Bxa6 Nxa6 10. Qa4 Qc8 11. Rc1 Re8 12. a3 Bxc3 13. Bxc3 Qb7 14. b4 b5 15. Qc2 c6 16. Ne5 Rac8 17. f4 Ne4 18. O-O Nd6 19. Rf3 Nb8 20. Rh3 Ne4 21. Bb2 Nd7 22. Qe2 Ndf6 23. g4 g6 24. g5 Nd7 25. Qg4 Nf8 26. f5 Qe7 27. f6 Qe6 28. Qh4 Nxg5 29. Rg3 Ne4 30. Rf3 h5 31. Rcf1 Kh7 32. Kh1 Nd7 33. Rf5 Ndxf6 34. Rxf6 Nxf6 35. Rxf6 Rc7 36. Rxe6 Rxe6 37. Qf4 Rb7 38. Bc3 Kg8 39. Be1 Kg7 40. Bh4 a6 41. Bg5 Kg8 42. Bh6 Ra7 43. Nf3 Rb7 44. Ng5 Re8 45. Qf6 1-0


[Site "https://www.chess.com"]

[Event "Titled Tuesday Blitz May 31 Late 2022"]
[White "Keller, Peter"]
[Black "Grigorov, Grigor"]
[WhiteFideId "1272105"]
[BlackFideId "2907313"]
[WhiteElo "2275"]
[BlackElo "2510"]
[Result "0-1"]
[Round "04"]
[TimeControl "180+1"]
[Date "2022.05.31"]
[WhiteClock "0:00:16"]
[BlackClock "0:00:06"]

1. e4 c6 2. d4 d5 3. exd5 cxd5 4. Bd3 Nf6 5. c3 Bg4 6. Qb3 Qc7 7. h3 Bh5 8. g4 Bg6 9. Bxg6 hxg6 10. g5 Nfd7 11. Qxd5 Nc6 12. Be3 e5 13. Ne2 Nb6 14. Qf3 O-O-O 15. Nd2 exd4 16. Nxd4 Nxd4 17. Bxd4 Bc5 18. Bxc5 Qxc5 19. O-O-O Qxg5 20. Qxf7 Rd7 21. Qe6 Rd8 22. Kc2 Qf5+ 23. Qxf5 gxf5 24. Nb3 Rxd1 25. Rxd1 Rh8 26. Rh1 Nd5 27. Nd4 g6 28. Kd3 Nf4+ 29. Ke3 Nxh3 30. f4 Rh4 31. Ne2 Nxf4 32. Rxh4 Ng2+ 33. Kf3 Nxh4+ 34. Kg3 g5 35. Nd4 Kd7 36. Nf3 Nxf3 37. Kxf3 Kd6 0-1


[Site "https://www.chess.com"]

[Event "Titled Tuesday Blitz May 31 Late 2022"]
[White "Kobalia, Mikhail"]
[Black "Richter, Nils"]
[WhiteFideId "4119150"]
[BlackFideId "12990809"]
[WhiteElo "2667"]
[BlackElo "2243"]
[Result "1-0"]
[Round "04"]
[TimeControl "180+1"]
[Date "2022.06.01"]
[WhiteClock "0:00:17"]
[BlackClock "0:00:02"]

1. e4 c5 2. Nf3 Nc6 3. Bb5 g6 4. Bxc6 dxc6 5. d3 Bg7 6. Nbd2 Qc7 7. a4 Nf6 8. Nc4 Nd7 9. a5 e5 10. Be3 O-O 11. Qd2 Rb8 12. Bh6 b5 13. axb6 axb6 14. h4 b5 15. h5 bxc4 16. Bxg7 Kxg7 17. hxg6 hxg6 18. Qh6+ Kf6 19. Qh4+ Ke6 20. Ng5+ Kd6 21. dxc4 Qb6 22. b3 Qb4+ 23. Kf1 Qc3 24. Ra2 Kc7 25. Rh3 Qd2 26. Rd3 Qf4 27. Qh6 Bb7 28. g3 Qc1+ 29. Kg2 Qb1 30. Ra7 Rh8 31. Rxb7+ Kxb7 32. Rxd7+ Kb6 33. Nh7 Qxc2 34. Rxf7 Qxe4+ 35. Kh2 Rb7 36. Rxb7+ Kxb7 37. Qg7+ Kb6 38. Qxh8 Qf3 39. Qd8+ Ka6 40. Kg1 e4 41. Qd2 Qf5 42. Ng5 Qf3 43. Qe3 Qd1+ 44. Kg2 Qc2 45. Nxe4 Kb6 46. Nxc5 1-0


[Site "https://www.chess.com"]

[Event "Titled Tuesday Blitz May 31 Late 2022"]
[White "Koellner, Ruben Gideon"]
[Black "Preotu, Razvan"]
[WhiteFideId "12993093"]
[BlackFideId "2613280"]
[WhiteElo "2560"]
[BlackElo "2407"]
[Result "1-0"]
[Round "04"]
[TimeControl "180+1"]
[Date "2022.06.01"]
[WhiteClock "0:00:07"]
[BlackClock "0:00:09"]

1. d4 Nf6 2. Bg5 d5 3. e3 c5 4. Bxf6 gxf6 5. dxc5 e6 6. c4 dxc4 7. Nd2 Bxc5 8. Bxc4 Nc6 9. Ngf3 f5 10. a3 O-O 11. g4 fxg4 12. Rg1 e5 13. h3 Bf5 14. hxg4 Bg6 15. g5 e4 16. Nh4 Ne5 17. Nxg6 hxg6 18. Be2 Nd3+ 19. Bxd3 Qxd3 20. Rc1 Bxe3 21. fxe3 Qxe3+ 22. Kf1 Rad8 23. Rg2 Qf4+ 24. Kg1 e3 25. Qf3 Qe5 26. Ne4 Rd4 27. Rg4 e2 28. Re1 Rd1 29. Qxe2 Rxe1+ 30. Qxe1 Kg7 31. Qf2 Qf5 32. Rh4 Qxf2+ 33. Kxf2 Rc8 34. Ke3 Rc2 35. Nf6 Rxb2 36. Rb4 Rxb4 37. axb4 b6 38. b5 Kf8 39. Ke4 Ke7 40. Kd5 Kd8 41. Kc6 Kc8 42. Nd7 Kd8 43. Ne5 Ke7 44. Ng4 Ke6 45. Nh6 f6 46. gxf6 Kxf6 47. Kb7 Ke6 48. Kxa7 Kd6 49. Kxb6 Kd5 50. Ka7 Kd6 51. b6 1-0


[Site "https://www.chess.com"]

[Event "Titled Tuesday Blitz May 31 Late 2022"]
[White "Kollars, Dmitrij"]
[Black "Lobanov, Sergei"]
[WhiteFideId "12909572"]
[BlackFideId "24183750"]
[WhiteElo "2584"]
[BlackElo "2524"]
[Result "0-1"]
[Round "04"]
[TimeControl "180+1"]
[Date "2022.05.31"]
[WhiteClock "0:00:12"]
[BlackClock "0:00:03"]

1. d4 Nf6 2. c4 e6 3. Nf3 d5 4. g3 Bb4+ 5. Bd2 Be7 6. Bg2 O-O 7. O-O c6 8. Bc3 Ne4 9. Nbd2 f5 10. Qc2 Nd7 11. b4 a5 12. a3 b5 13. cxb5 cxb5 14. Nb3 a4 15. Nc5 Nb6 16. Ne5 Qc7 17. f3 Nd6 18. e4 Nbc4 19. exd5 Ne3 20. Qa2 Nxd5 21. Bd2 f4 22. Rac1 Qb6 23. Bh3 Nf5 24. Bxf5 Rxf5 25. g4 Rf8 26. Rfe1 Rd8 27. Kg2 Bh4 28. Re4 Bf6 29. Bxf4 Nxf4+ 30. Rxf4 Bg5 31. Qd2 Bb7 32. h4 Bxf4 33. Qxf4 Rf8 34. Qe3 Rad8 35. Ncd7 Rxd7 36. Nxd7 Rxf3 37. Nxb6 Rxe3+ 38. d5 Rxa3 39. Kf2 Bxd5 40. Rc7 Rb3 41. Nd7 a3 42. Ne5 g6 43. Nd7 Rf3+ 44. Ke2 a2 45. Ra7 Rf7 46. Ra8+ Kg7 47. Nb6 Bxa8 0-1


[Site "https://www.chess.com"]

[Event "Titled Tuesday Blitz May 31 Late 2022"]
[White "Kozin, Yuri"]
[Black "Livaic, Leon"]
[WhiteFideId "4129920"]
[BlackFideId "14531534"]
[WhiteElo "2596"]
[BlackElo "2540"]
[Result "0-1"]
[Round "04"]
[TimeControl "180+1"]
[Date "2022.05.31"]
[WhiteClock "0:00:29"]
[BlackClock "0:01:21"]

1. e4 c6 2. d4 d5 3. exd5 cxd5 4. c4 Nf6 5. Nc3 e6 6. Nf3 Nc6 7. cxd5 Nxd5 8. Bd3 Be7 9. O-O O-O 10. Re1 Nxc3 11. bxc3 b6 12. h4 Bb7 13. h5 Bf6 14. Qc2 h6 15. Qe2 Ne7 16. Ba3 Qd5 17. Be4 Qxe4 18. Qxe4 Bxe4 19. Rxe4 Rfc8 20. Bxe7 Bxe7 21. Re3 Rc7 22. Rd1 Rac8 23. Rdd3 Ba3 24. c4 Bc1 25. Re1 Rxc4 26. d5 exd5 27. Rxd5 Bf4 28. g3 Bg5 29. Nxg5 hxg5 30. Rxg5 Rc1 31. Kf1 Rxe1+ 32. Kxe1 Rc2 33. a4 Ra2 34. a5 Rxa5 35. Rxa5 bxa5 36. Kd2 Kh7 37. Kc3 Kh6 38. g4 Kg5 39. f3 f6 40. Kb3 Kf4 41. Ka4 Kxf3 0-1


[Site "https://www.chess.com"]

[Event "Titled Tuesday Blitz May 31 Late 2022"]
[White "Krishnan, Varun"]
[Black "Matlakov, Maxim"]
[WhiteFideId "5054508"]
[BlackFideId "4168003"]
[WhiteElo "2632"]
[BlackElo "2669"]
[Result "0-1"]
[Round "04"]
[TimeControl "180+1"]
[Date "2022.05.31"]
[WhiteClock "0:00:04"]
[BlackClock "0:02:04"]

1. e4 e5 2. Nf3 Nc6 3. Bb5 a6 4. Ba4 Bc5 5. O-O Nge7 6. c3 Ba7 7. d4 O-O 8. d5 Nb8 9. Nxe5 d6 10. Nf3 Bg4 11. h3 Bh5 12. Bc2 Nd7 13. Bf4 Ng6 14. Bg3 Nge5 15. Nbd2 Re8 16. Bxe5 Nxe5 17. g4 Nxf3+ 18. Qxf3 Bg6 19. Qg3 c6 20. dxc6 bxc6 21. Rad1 d5 22. Kg2 Qb6 23. Bb3 Bxe4+ 24. Nxe4 Rxe4 25. Rde1 Rae8 26. Rxe4 Rxe4 27. Qd6 g6 28. Qd7 Re2 29. Kg3 Rxf2 30. Re1 Rf3+ 31. Kh4 Qf2+ 32. Kg5 f6+ 33. Kh6 Qh4# 0-1


[Site "https://www.chess.com"]